Map: [G8] Gresvan

Players

Solar - Winner!

  • Race: Zerg Zerg
  • Spawn Location: 11:00

Serral

  • Race: Zerg Zerg
  • Spawn Location: 5:00

Event: Gamers8 2023

VOD

Have the link to the VOD?

Description

Time

  • Played on: Aug. 5, 2023, 12:43 p.m.
  • Length: 5:15

All games in this series

Show
View Real Time Build Order
Export as new Build Order

Solar Zerg - Winner!

Build Orders: Pool First 

Get SALT Encoding   

  12  0:09  Extractor  
  11  0:20  Spawning Pool  
  10  0:25  Drone  
  11  0:29  Drone  
  11  0:34  Drone  
  13  0:49  Overlord  
  13  1:06  Zergling x2  
  13  1:07  Zergling x2  
  13  1:08  Zergling x2  
  16  1:13  Metabolic Boost  
  16  1:19  Zergling x2  
  17  1:30  Zergling x2  
  18  1:41  Zergling x2  
  19  1:50  Hatchery  
  19  1:53  Zergling x2  
  19  2:02  Zergling x2  
  20  2:09  Queen  
  22  2:19  Overlord  
  21  2:31  Zergling x2  
  21  2:39  Drone  
  22  2:45  Queen  
  22  2:48  Drone  
  23  3:02  Drone  
  23  3:04  Drone  
  24  3:12  Drone  
  24  3:14  Drone  
  24  3:16  Drone  
  24  3:18  Queen  
  24  3:19  Drone  
  29  3:23  Drone  
  28  3:27  Drone  
  28  3:33  Zergling x4  
  30  3:37  Zergling x2  
  31  3:43  Drone  
  31  3:45  Overlord  
  32  3:49  Drone x2  
  32  3:52  Zergling x2  
  35  3:58  Baneling Nest  
  35  4:00  Zergling x2  
  35  4:04  Zergling x2  
  35  4:06  Zergling x2  
  37  4:12  Zergling x2  
  37  4:13  Zergling x2  
  37  4:15  Zergling x2  
  39  4:18  Overlord  
  39  4:25  Zergling x6  
  39  4:28  Zergling x2  
  43  4:34  Overlord  
  43  4:40  Zergling x6  
  43  4:43  Baneling x2  
  43  4:44  Baneling  
  46  4:45  Baneling  
  46  4:47  Baneling  
  46  4:50  Drone  
  47  4:55  Drone x2  
  47  4:57  Drone  
  49  5:00  Drone  
Show
View Real Time Build Order
Export as new Build Order

Serral Zerg 

Build Orders: Hatch First 

Get SALT Encoding   

  12  0:00  Drone  
  13  0:12  Overlord  
  13  0:16  Drone  
  14  0:30  Drone x2  
  16  0:47  Hatchery  
  15  0:50  Drone  
  15  0:54  Drone  
  17  0:57  Drone  
  18  1:08  Extractor  
  17  1:12  Spawning Pool  
  17  1:15  Drone  
  17  1:18  Drone  
  18  1:27  Drone  
  19  1:38  Drone  
  20  1:48  Drone  
  21  1:59  Queen x2  
  21  2:00  Zergling x2, Overlord  
  26  2:07  Metabolic Boost  
  26  2:10  Zergling x2  
  26  2:11  Zergling x2  
  28  2:17  Spine Crawler  
  26  2:24  Zergling x2  
  24  2:30  Zergling x2  
  20  2:39  Zergling x2  
  20  2:47  Zergling x2  
  18  3:05  Drone x2  
  20  3:14  Drone x2  
  17  3:21  Drone  
  18  3:27  Drone  
  19  3:34  Drone  
  19  3:39  Zergling x2  
  21  3:42  Zergling x2  
  21  3:46  Drone  
  23  3:50  Overlord  
  23  3:54  Drone  
  24  3:57  Zergling x2  
  24  3:59  Zergling x2  
  26  4:06  Drone  
  27  4:14  Queen  
  27  4:16  Drone x2  
  31  4:26  Roach Warren  
  30  4:31  Overlord  
  29  4:39  Evolution Chamber  
  29  4:42  Evolution Chamber  
  27  4:45  Evolution Chamber  
  26  4:57  Drone x2  
Tags
 
Add a new tag
Caveats
  • Supply blocks, unpowered buildings, or Contaminate may cause inaccurate times.
  • Supply counts are checked every 10 seconds.